 Dungeon Crawl Stone Soup version 0.29.1-1-gd02db6906a (webtiles) character file.

Game seed: 3864499394463712769

9573 plokij the Carver (level 11, -1/148 HPs)
             Began as a Minotaur Fighter on Oct 20, 2022.
             Was a Priest of Okawaru.
             Slain by a slime creature (7 damage)
             ... on level 12 of the Dungeon.
             The game lasted 00:33:09 (10696 turns).

plokij the Carver (Minotaur Fighter)               Turns: 10696, Time: 00:33:10

Health: -1/148     AC: 25    Str: 21    XL:     11   Next: 24%
Magic:  10/10      EV:  2    Int:  5    God:    Okawaru [***...]
Gold:   690        SH:  7    Dex: 20    Spells: 10/10 levels left

rFire   . . .      SeeInvis .   O - +5 falchion (freeze)
rCold   . . .      Faith    .   c - +0 buckler
rNeg    . . .      Spirit   .   (body armour currently unavailable)
rPois   +          Reflect  .   (helmet currently unavailable)
rElec   .          Harm     .   (cloak currently unavailable)
rCorr   .          Rampage  .   (gloves currently unavailable)
Will    .....      NoTele   +   (boots currently unavailable)
Stlth   ++........              (no amulet)
HPRegen 0.34/turn               m - +6 ring of dexterity
MPRegen 0.12/turn               n - +4 ring of evasion

@: brilliant, tree-form, spiked, attractive
A: stationary, stasis, torment immunity, boosted hp, (horns 2), (retaliatory
headbutt), (iridescent scales 1)
a: Renounce Religion, Heroism


You were on level 12 of the Dungeon.
You worshipped Okawaru.
Okawaru was most pleased with you.
You were a tree.
You visited 2 branches of the dungeon, and saw 14 of its levels.

You collected 690 gold pieces.

Inventory:

Hand Weapons
 H - a +1 long sword of draining
 J - a +0 longbow
 O - a +5 falchion of freezing (weapon)
Missiles
 s - 3 throwing nets (quivered)
Armour
 a - a +0 pair of boots (melded)
 c - a +0 buckler (worn)
 o - a +0 pair of gloves (melded)
 q - a +1 hat (melded)
 t - the +4 plate armour "Jongep" (melded) {Harm rElec rF+ Int-3}
   (You found it on level 4 of the Dungeon)

   Int:       It affects your intelligence (-3).
   rF:        It protects you from fire.
   rElec:     It insulates you from electricity.
   Harm:      It increases damage dealt and taken.
 y - a +0 cloak (melded)
 G - a scarf of harm
 I - +0 steam dragon scales
Jewellery
 m - a +6 ring of dexterity (left branch)
 n - a +4 ring of evasion (right branch)
 v - a ring of flight
 C - a +4 ring of evasion
 L - a ring of fire
Wands
 b - a wand of light (15)
 w - a wand of polymorph (7)
 A - a wand of digging (7)
 D - a wand of charming (15)
 M - a wand of mindburst (10)
 Q - a wand of flame (10)
Scrolls
 f - 2 scrolls of magic mapping {unknown}
 g - 2 scrolls of amnesia {unknown}
 h - 2 scrolls of silence {unknown}
 i - 6 scrolls of identify {unknown}
 j - 5 scrolls of fear {unknown}
 u - 4 scrolls of enchant armour {unknown}
 x - 2 scrolls of teleportation {unknown}
 z - a scroll of poison {unknown}
 F - a scroll of butterflies {unknown}
 K - a scroll of vulnerability {unknown}
Potions
 d - 4 potions of might
 e - 3 potions of curing
 k - 4 potions of attraction
 l - a potion of berserk rage {unknown}
 p - 4 potions of mutation
 r - 4 potions of brilliance
 B - 2 potions of magic
 E - a potion of invisibility {unknown}
 N - a potion of lignification
 R - a potion of heal wounds {unknown}
 T - a potion of degeneration {unknown}
Miscellaneous
 P - a phial of floods
 S - a phantom mirror


   Skills:
 + Level 9.8 Fighting
 + Level 10.0 Long Blades
 + Level 9.8 Armour
 + Level 9.6 Dodging
 + Level 9.9 Shields


You had 10 spell levels left.
You didn't know any spells.
Your spell library contained the following spells:

 Spells                   Type           Power      Damage    Failure   Level
 Freeze                   Ice            0%         1d3       54%         1
 Magic Dart               Conj           0%         1d3       54%         1
 Sandblast                Erth           0%         2d4       54%         1
 Passwall                 Tmut/Erth      0%         N/A       67%         2
 Searing Ray              Conj           0%         2d4       67%         2
 Conjure Flame            Conj/Fire      0%         6-21      88%         3
 Frozen Ramparts          Ice            0%         1d1       88%         3
 Stone Arrow              Conj/Erth      0%         3d7       88%         3
 Corpse Rot               Necr/Pois/Air  0%         N/A       99%         4
 Dispel Undead            Necr           0%         3d6       99%         4
 Fulminant Prism          Conj/Hex       0%         3d6       99%         4
 Hailstorm                Conj/Ice       0%         3d3       99%         4
 Conjure Ball Lightning   Conj/Air       0%         3x3d6     100%        6
 Ignition                 Fire           0%         3d3       100%        8
 Death Channel            Necr           Unusable   N/A       N/A         6

Dungeon Overview and Level Annotations

Branches:
Dungeon (14/15)            Temple (1/1) D:5            Lair (0/5) D:9
    Orc: D:9-12      Vaults: D:13-14

Altars:
Ashenzari
Cheibriados
Dithmenos
Elyvilon
Fedhas
Gozag
Hepliaklqana
Kikubaaqudgha
Makhleb
Nemelex Xobeh
Okawaru
Qazlal
Ru
Sif Muna
Trog
Uskayaw
Vehumet
Wu Jian
Xom
Yredelemnul
Zin
The Shining One

Annotations:
D:14 Kazon's ghost, journeyman VSFi
Temple 2 transporters


Innate Abilities, Weirdness & Mutations

You are a tree.
Your roots penetrate the ground, keeping you stationary.
You cannot be teleported.
You are immune to unholy pain and torment.
Your maximum health is greatly increased.
Your equipment is partially melded.
((You have a pair of horns on your head.))
((You reflexively headbutt those who attack you in melee.))
((You are partially covered in iridescent scales. (AC +2)))


Message History

It was a potion of attraction.
You feel attractive to monsters.
The large slime creature hits you but does no damage.
You block the gargoyle's attack. You block the slime creature's attack.
It was a potion of mutation.
You feel extremely strange.
Iridescent scales grow over part of your body.
The large slime creature misses you. You furiously retaliate!
You headbutt the large slime creature.
The gargoyle hurls a stone arrow at you.
You block the stone arrow.
The slime creature completely misses you.
It was a potion of brilliance.
You feel clever all of a sudden.
A large slime creature splits.
The gargoyle hurls a stone arrow at you.
The stone arrow misses you.
The stone arrow hits the slime creature!!
The slime creature misses you.
It was a potion of magic.
Magic courses through your body. The slime creature hits you.
* * * LOW HITPOINT WARNING * * *
The gargoyle barely misses you. You furiously retaliate!
You headbutt the gargoyle! The slime creature closely misses you.
The slime creature hits you.
* * * LOW HITPOINT WARNING * * *
It was a potion of lignification.
You turn into a tree.
Your +0 cloak melds into your body.
Your +1 hat melds into your body.
Your +0 pair of gloves melds into your body.
Your +0 pair of boots melds into your body.
The +4 plate armour "Jongep" {Harm rElec rF+ Int-3} melds into your body.
Your roots penetrate the ground.
The slime creature hits you.
* * * LOW HITPOINT WARNING * * *
The gargoyle barely misses you. The slime creature hits you.
* * * LOW HITPOINT WARNING * * *
The slime creature hits you!
* * * LOW HITPOINT WARNING * * *
You slash the slime creature! You freeze the slime creature.
The slime creature is lightly wounded.
The slime creature hits you!
You die...

.. #.
#. #.
#.
#.##
#J9#
#J♣#
#.J#
#..#
#..#
#...
#...
....
##...


You could see 3 slime creatures and a gargoyle.

Vanquished Creatures
  3 two-headed ogres
  2 centaur warriors (D:14)
  A manticore (D:14)
  Joseph (D:7)
  Maggie (D:7)
  A troll (D:8)
  A basilisk (D:14)
  A wyvern (D:8)
  11 yaks
  A steam dragon (D:9)
  2 water moccasins (D:6)
  Duvessa (D:7)
  An ice beast (D:6)
  An orc warrior (D:9)
  A black bear (D:6)
  A sky beast (D:8)
  2 ogres
  5 centaurs
  2 phantoms (D:6)
  A kobold brigand (D:8)
  3 bullfrogs
  9 wights (D:9)
  Dowan (D:7)
  7 killer bees
  2 howler monkeys
  2 hounds
  4 jellies
  5 orc priests
  3 iguanas
  10 orc wizards
  2 human simulacra (D:9)
  4 adders
  11 gnolls
  2 river rats (D:4)
  A shadow imp (D:8)
  A white imp (D:6)
  4 worms
  3 dart slugs
  39 orcs
  2 endoplasms
  2 giant cockroaches (D:4)
  5 goblins
  15 hobgoblins
  3 jackals (D:2)
  3 quokkas
  10 ball pythons
  3 bats
  6 frilled lizards
  10 kobolds
  6 rats
  A bush (D:8)
219 creatures vanquished.

Vanquished Creatures (others)
  3 plants (D:3)
3 creatures vanquished.

Grand Total: 222 creatures vanquished

Notes
Turn   | Place    | Note
-------+----------+-------------------------------------------
     0 | D:1      | plokij the Minotaur Fighter began the quest for the Orb.
     0 | D:1      | Reached XP level 1. HP: 19/19 MP: 0/0
   120 | D:1      | Found a faded altar of an unknown god.
   142 | D:1      | Reached XP level 2. HP: 26/27 MP: 1/1
   556 | D:1      | Reached skill level 1 in Dodging
  1003 | D:2      | Reached skill level 3 in Long Blades
  1199 | D:2      | Reached XP level 3. HP: 27/33 MP: 2/2
  1920 | D:3      | Reached XP level 4. HP: 36/40 MP: 3/3
  2242 | D:3      | Found a glowing golden altar of the Shining One.
  2388 | D:4      | Found an opulent altar of Gozag.
  2856 | D:4      | Reached skill level 4 in Long Blades
  2856 | D:4      | Reached XP level 5. HP: 25/46 MP: 4/4
  3691 | D:4      | Identified the +4 plate armour "Jongep" {Harm rElec rF+
                  | Int-3}
  4013 | D:5      | Entered Level 5 of the Dungeon
  4255 | D:4      | Reached XP level 6. HP: 50/53 MP: 5/5
  4586 | D:4      | Reached skill level 5 in Long Blades
  4586 | D:4      | Reached skill level 5 in Shields
  4802 | D:5      | Found a staircase to the Ecumenical Temple.
  4817 | Temple   | Entered the Ecumenical Temple
  4817 | Temple   | Found a transporter.
  4817 | Temple   | Found a transporter.
  4819 | Temple   | Found a transporter.
  4819 | Temple   | Found a transporter.
  4926 | D:5      | Reached skill level 5 in Armour
  4968 | D:5      | Reached XP level 7. HP: 48/60 MP: 6/6
  4975 | D:5      | Reached skill level 5 in Fighting
  5351 | D:5      | Found a bloodstained altar of Trog.
  5576 | D:6      | Found a sacrificial altar of Ru.
  5612 | D:6      | Reached skill level 6 in Long Blades
  5666 | D:6      | Reached XP level 8. HP: 70/70 MP: 7/7
  5673 | D:6      | Reached skill level 5 in Dodging
  6245 | D:7      | Noticed Dowan
  6246 | D:7      | Noticed Duvessa
  6272 | D:7      | Killed Dowan
  6278 | D:7      | Killed Duvessa
  6411 | D:7      | Identified the +1 leather armour of Quiet Fog {rC- Dex+4
                  | Stlth+}
  6448 | D:7      | Noticed Joseph
  6767 | D:7      | Killed Joseph
  6768 | D:7      | Reached skill level 7 in Long Blades
  6768 | D:7      | Reached XP level 9. HP: 73/78 MP: 8/8
  6801 | D:7      | Noticed Maggie
  6831 | D:7      | Killed Maggie
  7537 | D:8      | Reached skill level 8 in Long Blades
  7800 | D:8      | Reached XP level 10. HP: 88/88 MP: 9/9
  7805 | D:8      | Found a hide-covered altar of Uskayaw.
  7805 | D:8      | Found an iron altar of Okawaru.
  7805 | D:8      | Found a glowing silver altar of Zin.
  7834 | D:8      | Became a worshipper of Warmaster Okawaru
  8293 | D:9      | Found a staircase to the Lair.
  8604 | D:9      | Noticed a two-headed ogre
  8618 | D:9      | Killed a two-headed ogre
  8618 | D:9      | Reached * piety under Okawaru
  8868 | D:9      | Noticed a two-headed ogre
  8876 | D:9      | Killed a two-headed ogre
  8877 | D:9      | Reached skill level 9 in Long Blades
  8980 | D:9      | Reached ** piety under Okawaru
  9525 | D:10     | Entered Level 10 of the Dungeon
  9881 | D:10     | You fall into a shaft and drop 3 floors!
  9883 | D:13     | Noticed a boulder beetle
  9909 | D:13     | Noticed a centaur warrior
  9916 | D:13     | Noticed a boulder beetle
  9920 | D:14     | Killed a centaur warrior
  9920 | D:14     | Reached *** piety under Okawaru
  9921 | D:14     | Reached XP level 11. HP: 79/97 MP: 10/10
 10072 | D:14     | Noticed a centaur warrior
 10088 | D:14     | Killed a centaur warrior
 10541 | D:14     | Got the Codex of Exhibitionism
 10580 | D:14     | Noticed a lich
 10580 | D:14     | Noticed Kazon's ghost (journeyman VSFi)
 10660 | D:14     | Noticed a rakshasa
 10662 | D:13     | Noticed a two-headed ogre
 10668 | D:14     | Killed a two-headed ogre
 10669 | D:14     | Reached skill level 10 in Long Blades
 10692 | D:12     | Gained mutation: You are partially covered in iridescent
                  | scales. (AC +2) [potion of mutation]
 10695 | D:12     | HP: 6/148 [slime creature (14)]
 10696 | D:12     | Slain by a slime creature

Illustrated notes

Levels and vault maps discovered:
D:1:      ncdulo_halloftheorcs, layout_basic, serial_glass, glass_columns_a,
          glass_columns_b, glass_columns_c, glass_columns_c, glass_columns_c,
          glass_columns_b, glass_columns_b, glass_columns_a,
          ebering_ecumenical_altar_box, roderic_malta_cross, minivault_25,
          minmay_misc_feat_hallway
D:2:      layout_loops_ring
D:3:      layout_loops_ring, mainiacjoe_overflow_catwalk,
          guppyfry_early_lair_pool
D:4:      layout_layer_cave, mainiacjoe_overflow_boulevard,
          gup_sewer_entry_spiral
D:5:      layout_rooms, lemuel_doored_altar, temple_pool_b
D:6:      layout_loops_ring, mainiacjoe_overflow_chevrons
D:7:      layout_basic, uniq_maggie, uniq_joseph, uniq_duvessa
D:8:      layout_rooms, gammafunk_temple_overflow_forgotten, nrook_loot_triangle
D:9:      layout_basic, lair_entry_dummy, bh_circular_ruins
D:10:     layout_cave_pools
D:12:     layout_small_grid, hiddenorc2_lemuel, enter_trove_6,
          amethyst_killhole, nicolae_gozag_cash_rules_everything_around_me
D:13:     layout_basic, serial_shops, nicolae_shop_trees
D:14:     hangedman_cross_veins, layout_long_grid, david_vaults_2,
          muffindrake_ghost_dual_entry, chequers_arboretum
Temple:   hellmonk_temple_divided_pantheon

Skill      XL: |  1  2  3  4  5  6  7  8  9 10 11 |
---------------+----------------------------------+-----
Dodging        | 1 2 3 4 6 8 9 |  9.6
Long Blades    | 3 4 5 6 7 8 9 10 | 10.0
Shields        | 4 5 7 8 9 |  9.9
Armour         | 4 5 6 8 9 |  9.8
Fighting       | 4 5 6 8 9 |  9.8

Action                   |  1- 3 |  4- 6 |  7- 9 | 10-12 || total
-------------------------+-------+-------+-------+-------++-------
Melee: Long sword        |    95 |   152 |   216 |    80 ||   543
       Headbutt          |    19 |    23 |    41 |    48 ||   131
       Falchion          |       |       |       |    98 ||    98
  Use: Potion            |       |       |       |     6 ||     6
Armor: Scale mail        |    50 |    36 |       |       ||    86
       Plate armour      |       |    59 |   112 |    67 ||   238
Dodge: Dodged            |    49 |   105 |   122 |   113 ||   389
Block: Buckler           |    27 |    51 |    70 |    56 ||   204
